 Dungeon Crawl Stone Soup version 0.29-a0-542-g075992c915 (webtiles) character file.

Game seed: 3641161165416600797

45 vineage the Skirmisher (level 3, -2/24 HPs)
             Began as a Gargoyle Fighter on June 3, 2022.
             Slain by a goblin
             ... wielding a +0 club
             ... led by Robin
              (6 damage)
             ... on level 2 of the Dungeon.
             The game lasted 00:01:28 (1620 turns).

vineage the Skirmisher (Gargoyle Fighter)           Turns: 1620, Time: 00:01:28

Health: -2/24      AC: 14    Str: 21    XL:     3   Next: 64%
Magic:  3/3        EV:  9    Int:  8    God:
Gold:   59         SH:  4    Dex:  9    Spells: 2/2 levels left

rFire   . . .      SeeInvis .   a - +0 flail
rCold   . . .      Faith    .   c - +0 buckler
rNeg    + . .      Spirit   .   b - +0 scale mail
rPois   ∞          Reflect  .   (no helmet)
rElec   +          Harm     .   n - +1 cloak
rCorr   .          Rampage  .   g - +1 pair of gloves
Will    .....                   (no boots)
Stlth   ..........              (no amulet)
HPRegen 0.08/turn               (no ring)
MPRegen 0.08/turn               (no ring)

@: mighty
A: sickness immunity, AC +3, negative energy resistance 1, electricity
resistance, torment resistance 1, petrification resistance
a: no special abilities


You were on level 2 of the Dungeon.
You visited 1 branch of the dungeon, and saw 2 of its levels.

You collected 59 gold pieces.

Inventory:

Hand Weapons
 a - a +0 flail (weapon)
Armour
 b - a +0 scale mail (worn)
 c - a +0 buckler (worn)
 g - a +1 pair of gloves (worn)
 n - a +1 cloak (worn)
Jewellery
 f - an amulet of faith
Scrolls
 h - a scroll of fog {unknown}
 i - 2 scrolls of teleportation
Potions
 d - a potion of might
 e - a potion of resistance {unknown}
 j - a potion of cancellation {unknown}
 k - 2 potions of heal wounds
 l - 2 potions of curing {unknown}
 m - a potion of lignification {unknown}


   Skills:
 * Level 3.9 Fighting
 + Level 2.4 Maces & Flails
 + Level 3.7 Armour
 + Level 3.7 Shields


You had 2 spell levels left.
You didn't know any spells.
Your spell library was empty.

Dungeon Overview and Level Annotations

Branches:
Dungeon (2/15)

Altars:

Annotations:
D:2 Robin


Innate Abilities, Weirdness & Mutations

You are immune to sickness and miasma.
Your stone body is resilient. (AC +3)
You are immune to poison.
You resist negative energy. (rN+)
You are resistant to electric shocks. (rElec)
You are resistant to unholy torment.
You are immune to petrification.


Message History

The hobgoblin goes into a battle-frenzy!
You block the goblin's attack. The goblin hits you with a +0 club.
The goblin hits you but does no damage. x2
You closely miss the goblin.
The goblin no longer looks unusually strong.
The goblin hits you with a +0 club. You block the goblin's attack.
Robin roars a battlecry!
The goblin goes into a battle-frenzy!
You are too injured to fight recklessly!
You are too injured to fight recklessly!
You are too injured to fight recklessly!
You are too injured to fight recklessly!
You are too injured to fight recklessly!
You are too injured to fight recklessly!
You are too injured to fight recklessly!
You are too injured to fight recklessly!
You sock the goblin!
You kill the goblin!
Robin throws the goblin at you!
The goblin hits you but does no damage. x2
The goblin attacks as you move away! The goblin completely misses you.
The goblin no longer looks unusually strong.
The goblin hits you but does no damage.
A goblin comes into view. It is wielding a +0 dagger.
Robin roars a battlecry!
The goblin goes into a battle-frenzy!
The goblin hits you but does no damage. The goblin attacks as you move away!
The goblin barely misses you. The goblin attacks as you move away!
You block the goblin's attack. Robin throws the goblin at you!
The goblin hits you but does no damage.
You feel very mighty all of a sudden.
The goblin no longer looks unusually strong.
Robin roars a battlecry!
The goblin goes into a battle-frenzy!
The goblin hits you with a +0 club.
* * * LOW HITPOINT WARNING * * *
The goblin barely misses you.
You thump the goblin!
You kill the goblin!
The goblin hits you with a +0 club.
You die...

#.# #)..# #.# ### #)# ##
#.# #.. #.###..## #.# #.#
#g......# #.# #.#
##..####.### #.# #.#
#gg.#[.#...# #.# #.#
#g##.⌠[.## #.# #.#
#g#.(..⌠.# ###.###.#
#@#.⌠...(# ........##
#)##.)⌠.## ####.....#
#...#.)#....# # #.....#
####.#.####..#.#
####.....# ##............#
.#.####..###...#.#####...#
#.#.# #....)........# ###
.#.## #.>###...#.##.#
#.#.###..####.##.# #


You could see Robin, a hobgoblin (strong) and 3 goblins.

Vanquished Creatures
  A worm (D:2)
  6 bats
  5 endoplasms
  8 goblins
  5 hobgoblins
  3 jackals (D:1)
  3 ball pythons
  A frilled lizard (D:2)
  3 kobolds
  3 rats
38 creatures vanquished.

Notes
Turn   | Place    | Note
-------+----------+-------------------------------------------
     0 | D:1      | vineage the Gargoyle Fighter began the quest for the Orb.
     0 | D:1      | Reached XP level 1. HP: 14/14 MP: 1/1
   111 | D:1      | Reached XP level 2. HP: 19/19 MP: 2/2
   833 | D:1      | Reached XP level 3. HP: 17/24 MP: 3/3
  1599 | D:2      | Noticed Robin
  1620 | D:2      | Slain by a goblin

Illustrated notes

Levels and vault maps discovered:
D:1:      nzn_arrival_water_spiral, layout_basic, minivault_27
D:2:      layout_loops_ring, basic_altar, kennysheep_cross_room,
          minmay_misc_feat_nine_boxes, minivault_24, minmay_hexomino_c4,
          uniq_robin

Action                   || total
-------------------------++-------
Melee: Flail             ||   131
  Use: Scroll            ||     4
       Potion            ||     1
Armor: Scale mail        ||   107
Dodge: Dodged            ||    74
Block: Buckler           ||    29

Table legend: (Time is in decaauts)
 A = Elapsed time spent in this place.
 B = Non-inter-level travel time spent in this place.
 C = Inter-level travel time spent in this place.
 D = Time resting spent in this place.
 E = Time spent auto-exploring this place.
 F = Levels seen in this place.
 G = Mean time per level.
                   A        B        C        D        E       F      G
               +--------+--------+--------+--------+--------+-----+--------+
         Total |   1667 |   1628 |     39 |      0 |   1318 |   2 |  833.5 |
       Dungeon |   1667 |   1628 |     39 |      0 |   1318 |   2 |  833.5 |
               +--------+--------+--------+--------+--------+-----+--------+

Top non-repeatable levels by time:
     D:1: 1104 daAuts
     D:2: 562 daAuts
